 Dungeon Crawl Stone Soup version 0.27.0-1-g7a089689b8 (webtiles) character file.

Game seed: 14418329469562240972

2 pkoi the Skirmisher (level 1, 19/19 HPs)
             Began as a Draconian Monk on Aug 17, 2021.
             Was a Believer of Trog.
             Got out of the dungeon alive.
             The game lasted 00:00:16 (190 turns).

pkoi the Skirmisher (Draconian Monk)                 Turns: 190, Time: 00:00:17

Health: 19/19      AC:  4    Str: 13    XL:     1   Next: 25%
Magic:  1/1        EV: 12    Int: 10    God:    Trog [**....]
Gold:   0          SH:  0    Dex: 13    Spells: 0/0 levels left

rFire    . . .     SeeInvis .     - Unarmed
rCold    . . .     Faith    .   (no shield)
rNeg     . . .     Spirit   .   (armour unavailable)
rPois    .         Reflect  .   (helmet restricted)
rElec    .         Harm     .   (no cloak)
rCorr    .         Rampage  .   (no gloves)
Will     .....                  (no boots)
Stlth    ++........             (no amulet)
HPRegen  0.06/turn              (no ring)
MPRegen  0.07/turn              (no ring)

@: no status effects
A: AC +4, unfitting armour, cold-blooded
a: Renounce Religion, Berserk, Trog's Hand


You escaped.
You worshipped Trog.
Trog was pleased with you.
You visited 1 branch of the dungeon, and saw 1 of its levels.

You aren't carrying anything.


   Skills:
 - Level 3.2 Fighting
 - Level 2.6 Dodging
 - Level 1.7 Stealth
 + Level 3.1 Unarmed Combat


You couldn't memorise any spells.
You didn't know any spells.
Your spell library was empty.

Dungeon Overview and Level Annotations

Branches:
Dungeon (1/15)

Altars:
Trog


Innate Abilities, Weirdness & Mutations

Your plain brown scales are hard. (AC +4)
You cannot fit into any form of body armour.
You are cold-blooded and may be slowed by cold attacks.


Message History

A spectral goblin is nearby!
A spectral goblin is nearby!
Found a faded altar of an unknown god.
You see here a +0 club.
You see here a +0 club.
The spectral goblin hits you but does no damage.
You see here a +0 club.
You barely miss the spectral goblin.
The spectral goblin hits you but does no damage.
You hit the spectral goblin.
The spectral goblin is severely damaged.
You barely miss the spectral goblin.
The spectral goblin is severely damaged.
The spectral goblin barely misses you.
You barely miss the spectral goblin.
The spectral goblin is severely damaged.
The spectral goblin misses you.
You barely miss the spectral goblin.
The spectral goblin is severely damaged.
The spectral goblin misses you.
You barely miss the spectral goblin.
The spectral goblin is severely damaged.
The spectral goblin closely misses you.
You barely miss the spectral goblin. You tail-slap the spectral goblin.
You destroy the spectral goblin!
You enter the shallow water.
Moving in this stuff is going to be slow.
There is a faded altar of an unknown god here.
You cannot tell which god this altar belongs to.
Convert to them anyway?
Trog accepts your prayer! Trog welcomes you!
You can now go berserk at will.
You can now call upon Trog for regeneration and willpower.
You offer a prayer to Trog.
You open the gate.
There is an open gate here.
You see here a +0 club.
There is a staircase leading out of the dungeon here.
Are you sure you want to leave the Dungeon?
This will make you lose the game!
You have escaped!

#.# # #.#
#############.###.#
..................#
###.########..#####
#.# ##.# #.# #.##
#.# #.♣#♣♣# #.#
#♣...@♣ #.#
#♣.♣..♣#
###.#######.♣#♣♣#
..........##.##
#########.###.#
#.....# #######


There were no monsters in sight!

Vanquished Creatures
  An endoplasm (D:1)
  A spectral goblin (D:1)
2 creatures vanquished.

Notes
Turn   | Place    | Note
-------+----------+-------------------------------------------
     0 | D:1      | pkoi the Draconian Monk began the quest for the Orb.
     0 | D:1      | Reached XP level 1. HP: 19/19 MP: 1/1
   147 | D:1      | Found a faded altar of an unknown god.
   166 | D:1      | Became a worshipper of Trog the Wrathful
   166 | D:1      | Reached * piety under Trog
   166 | D:1      | Reached ** piety under Trog
   190 | D:$      | Got out of the dungeon alive.

Illustrated notes

Levels and vault maps discovered:
D:1:      pf_arrival_petrified_forest, layout_loops_ring,
          dreamdust_ecumenical_altar_drowned_temple

Action                   || total
-------------------------++-------
Melee: Unarmed           ||    13
       Tailslap          ||     3
 Stab: Sleeping          ||     1
Armor: Skin              ||     2
Dodge: Dodged            ||     5
